cohdb
Replays
Latest Replays
All Replays
Popular Replays
Top Player Replays
Match Explorer
How It Works
Community
CoH3 Stats
Reddit
Sign in to upload your games and track your stats! →
Sign in with Steam
Match 44328021
Unlisted
Match 44328021
Overview
Messages
Build Orders
End
Engineer Squad
Construct Weapon Support Center
Selects Armored Battlegroup
Selects Assault Engineers
M1919 Machine Gun Team
M1919 Machine Gun Team
Scout Squad
Bazooka Squad
Construct Medical Station
Air Support Center
M3 Armored Personnel Carrier
Selects Fast Deploy
Construct Motor Pool
M24 Chaffee Light Tank
Grasshopper Recon Run
P-47 Strafing Run
Assault Engineer Squad
M24 Chaffee Light Tank
Assault Engineer Squad
Double Sortie
P-47 Strafing Run
P-47 Dive Bomb
Selects M31 Recovery Vehicle
Selects War Machine
Selects Seek and Destroy
M31 Recovery Vehicle
Scout Squad
P-47 Dive Bomb
M1919 Machine Gun Team
M24 Chaffee Light Tank
M1 Anti-tank Gun Team
Gwangju's Hero Chun Doo-gwang
Tiger Mafia
Marin
Number 60
0
0
Comments
sign in to comment!
No comments posted yet!